[Event "ICCopen2016"]
[Site "Internet Chess Club"]
[Date "2016.06.04"]
[Round "10"]
[White "panom"]
[Black "Zebbile"]
[Result "1/2-1/2"]
[ICCResult "Game drawn by repetition"]
[WhiteElo "1676"]
[BlackElo "1745"]
[Opening "Alekhine's defense: four pawns attack"]
[ECO "B03"]
[NIC "AL.07"]
[Time "15:45:35"]
[TimeControl "180+0"]

1. e4 Nf6 2. e5 Nd5 3. d4 d6 4. c4 Nb6 5. f4 dxe5 6. fxe5 g6 7. Be3 Bg7 8.
Nf3 O-O 9. Nc3 Nc6 10. Be2 Bf5 11. O-O f6 12. exf6 exf6 13. d5 Ne5 14. Nxe5
fxe5 15. c5 Nc8 16. Bc4 b6 17. d6+ Kh8 18. cxb6 axb6 19. dxc7 Qxc7 20. Bd5
Ra5 21. Bf3 Nd6 22. Nd5 Qb8 23. Nxb6 Rb5 24. Nd5 Rxb2 25. Bc5 Rd8 26. Qc1 e4
27. Bd1 Nb7 28. Ne3 Nxc5 29. Qxc5 Bd4 30. Qc1 Qb6 31. Re1 Bxe3+ 32. Qxe3
Qxe3+ 33. Rxe3 Rdd2 34. Rg3 Rxa2 35. Rxa2 Rxa2 36. Bg4 Bxg4 37. Rxg4 e3 38.
Kf1 e2+ 39. Ke1 Kg7 40. Re4 Kf6 41. Rxe2 Rxe2+ 42. Kxe2 Ke5 43. Kf3 Kf5 44.
h3 g5 45. g4+ Ke5 46. Ke3 Kd5 47. Kd3 Ke5 48. Ke3 h6 49. Kf3 Kd4 50. Kf2 Ke4
51. Ke2 Kf4 52. Kf2 Ke4 53. Ke2 Kd4 54. Kd2 Ke4 55. Ke2 Kf4 56. Kf2 Ke4 57.
Ke2 Kd4 58. Kd2 Ke4 59. Ke2 Kd5 60. Kd3 Ke5 61. Ke3 Kd5 62. Kd3 Ke5 63. Ke3
Kd5 64. Kd3 Ke5 65. Ke3 Kd5 {Game drawn by repetition} 1/2-1/2

[Event "ICCopen2016"]
[Site "Internet Chess Club"]
[Date "2016.06.04"]
[Round "10"]
[White "SPARNALIQ"]
[Black "BlitzorDDD"]
[Result "0-1"]
[ICCResult "White checkmated"]
[WhiteElo "2928"]
[BlackElo "3043"]
[Opening "Ruy Lopez: Marshall counter-attack, 11...c6"]
[ECO "C89"]
[NIC "RL.17"]
[Time "15:45:59"]
[TimeControl "180+0"]

1. e4 e5 2. Nf3 Nc6 3. Bb5 a6 4. Ba4 Nf6 5. O-O Be7 6. Re1 b5 7. Bb3 O-O 8.
c3 d5 9. exd5 Nxd5 10. Nxe5 Nxe5 11. Rxe5 c6 12. d3 Bd6 13. Re1 Qh4 14. g3
Qh3 15. Re4 Nf6 16. Rh4 Qf5 17. Bc2 Ng4 18. Bf4 Bxf4 19. d4 Qf6 20. Bxh7+
Kh8 21. Be4+ Bh6 22. Rxg4 Bxg4 23. Qxg4 Rad8 24. Na3 c5 25. Nc2 Rfe8 26. Rd1
b4 27. cxb4 cxd4 28. Bd3 Re5 29. h4 g6 30. a3 Kg7 31. Kg2 Rc8 32. Ne1 Rce8
33. Nf3 Rd5 34. Bxa6 Qxa6 35. Rxd4 Rf5 36. Re4 Rxe4 37. Qxe4 Qf6 38. a4 Qxb2
39. b5 Rc5 40. Nh2 Qc2 41. Qd4+ Kh7 42. Ng4 Bg7 43. Qd7 Qe4+ 44. Kh3 Qf5 45.
Qxf5 gxf5 46. Ne3 Bd4 47. Ng2 Rc4 48. a5 Rc5 49. f3 Rxb5 50. Nf4 Rxa5 51.
Ne2 Be5 52. f4 Ra2 53. Ng1 Bf6 54. Nf3 Rf2 55. Nh2 Kg6 56. h5+ Kxh5 57. g4+
fxg4+ 58. Kg3 Rxh2 59. Kxh2 Kh4 60. Kg2 Bg7 61. Kh2 f5 62. Kg2 Bh6 63. Kf2
Bxf4 64. Kg2 g3 65. Kf3 Kg5 66. Kg2 Kg4 67. Kh1 Bg5 68. Kg2 f4 69. Kg1 f3
70. Kf1 g2+ 71. Kf2 Bf4 72. Kg1 Be3+ 73. Kh2 g1=Q# {White checkmated} 0-1

[Event "ICCopen2016"]
[Site "Internet Chess Club"]
[Date "2016.06.04"]
[Round "10"]
[White "Platyborg"]
[Black "depressnyak"]
[Result "0-1"]
[ICCResult "White resigns"]
[WhiteElo "2932"]
[BlackElo "3143"]
[Opening "Caro-Kann: classical, Flohr variation"]
[ECO "B18"]
[NIC "CK.10"]
[Time "15:46:01"]
[TimeControl "180+0"]

1. e4 c6 2. d4 d5 3. Nd2 dxe4 4. Nxe4 Bf5 5. Ng3 Bg6 6. Nh3 e6 7. Nf4 Bd6 8.
h4 Bxf4 9. Bxf4 h6 10. h5 Bh7 11. c3 Nf6 12. Bc4 Nbd7 13. a4 O-O 14. a5 Nd5
15. Bd6 Re8 16. O-O Qg5 17. Qc1 Qh4 18. Bxd5 exd5 19. Qf4 Qxf4 20. Bxf4 Nf8
21. Rfe1 Ne6 22. Be3 b6 23. Nf1 c5 24. axb6 axb6 25. dxc5 bxc5 26. Rxa8 Rxa8
27. Rd1 d4 28. cxd4 cxd4 29. Bd2 Nc5 30. b4 Nb3 31. Bf4 Ra4 32. Nd2 Bc2 33.
Re1 Rxb4 34. Nxb3 Rxb3 35. Re8+ Kh7 36. Re7 Rb1+ 37. Kh2 Bb3 38. Rb7 d3 39.
Be3 Ba2 40. Rxb1 Bxb1 41. Kg3 Bc2 42. Kf4 Bd1 43. f3 Be2 44. Bd2 Bf1 45. g4
Be2 46. Ke3 Kg8 47. Bc3 g6 48. Bf6 Kf8 49. Bh4 Kg7 50. hxg6 fxg6 51. Bd8 Kf7
52. Bh4 Ke6 53. Bd8 Kd5 54. Bf6 Kc4 55. g5 h5 56. f4 Bg4 57. f5 Bxf5 58. Be5
h4 59. Bf4 Kc3 {White resigns} 0-1

[Event "ICCopen2016"]
[Site "Internet Chess Club"]
[Date "2016.06.04"]
[Round "10"]
[White "TudoracheM"]
[Black "nadalthegreat"]
[Result "0-1"]
[ICCResult "White checkmated"]
[WhiteElo "1704"]
[BlackElo "1897"]
[Opening "Scandinavian (center counter) defense"]
[ECO "B01"]
[NIC "SD.01"]
[Time "15:46:04"]
[TimeControl "180+0"]

1. e4 d5 2. exd5 Qxd5 3. Nc3 Qa5 4. Bc4 g6 5. d3 Bg7 6. Bd2 Qc5 7. Nge2 Nc6
8. O-O Nf6 9. a3 Qh5 10. Ng3 Qxd1 11. Raxd1 Nd4 12. Rc1 O-O 13. Be3 Nf5 14.
Bf4 Nxg3 15. Bxg3 Nh5 16. Bxc7 Be6 17. Bxe6 fxe6 18. Ba5 b6 19. Bb4 Rfe8 20.
Nd1 Bh6 21. Rb1 Nf4 22. Re1 Kf7 23. Bc3 Nd5 24. Bd4 Rac8 25. c3 Nf4 26. Re3
Kg8 27. Kf1 Rf8 28. Rf3 g5 29. h3 Bg7 30. Bxg7 Kxg7 31. d4 e5 32. dxe5 Rcd8
33. Ne3 Rd2 34. Nc4 Rc2 35. Ne3 Re2 36. g4 Rd2 37. Nf5+ Kf7 38. Re3 Ke6 39.
Nd4+ Kd5 40. e6 Nd3 41. f3 Nf4 42. Nf5 Nxh3 43. Rbe1 Rf2# {White checkmated}
0-1

[Event "ICCopen2016"]
[Site "Internet Chess Club"]
[Date "2016.06.04"]
[Round "10"]
[White "PomaG12"]
[Black "pagoda"]
[Result "0-1"]
[ICCResult "White checkmated"]
[WhiteElo "1492"]
[BlackElo "1910"]
[Opening "Pirc: Ufimtsev-Pytel variation"]
[ECO "B07"]
[NIC "PU.08"]
[Time "15:46:21"]
[TimeControl "180+0"]

1. e4 d6 2. d4 Nf6 3. Nc3 c6 4. Nf3 Bg4 5. Be2 e6 6. h3 Bxf3 7. Bxf3 d5 8.
O-O Be7 9. Bg5 O-O 10. Bxf6 Bxf6 11. e5 Be7 12. Be2 c5 13. f4 cxd4 14. Qxd4
Nc6 15. Qd2 Rc8 16. Rf3 Bb4 17. a3 Ba5 18. b4 Bb6+ 19. Kh1 Nd4 20. Rg3 Qh4
21. Rg4 Qd8 22. Qd3 Rxc3 23. Qxc3 Nxe2 24. Qf3 Nd4 25. Qg3 Nf5 26. Qd3 Qc7
27. Rf1 Rc8 28. Rg5 h6 29. Rh5 Qxc2 30. Qxc2 Rxc2 31. g4 Ng3# {White
checkmated} 0-1

[Event "ICCopen2016"]
[Site "Internet Chess Club"]
[Date "2016.06.04"]
[Round "10"]
[White "ARMCOMPOSER"]
[Black "Nostradamus"]
[Result "1-0"]
[ICCResult "Black resigns"]
[WhiteElo "2971"]
[BlackElo "2423"]
[Opening "Scandinavian defense"]
[ECO "B01"]
[NIC "SD.03"]
[Time "15:46:19"]
[TimeControl "180+0"]

1. e4 d5 2. exd5 Nf6 3. Nf3 Qxd5 4. d4 Bg4 5. Be2 Nc6 6. O-O O-O-O 7. c4 Qf5
8. Be3 e5 9. d5 Nb4 10. Nc3 Bxf3 11. Bxf3 Nc2 12. Rc1 Nxe3 13. fxe3 Bc5 14.
Qe2 Qg5 15. Rfe1 e4 16. Nxe4 Nxe4 17. Bxe4 Rde8 18. Qf3 g6 19. d6 cxd6 20.
Bxb7+ Kb8 21. Ba6 Qe7 22. Rc3 f5 23. Rb3+ Bb6 24. c5 dxc5 25. Kh1 Qe4 26.
Qg3+ f4 27. Qh3 Rhf8 28. Bd3 Qe6 29. Qxe6 Rxe6 30. Bc4 Rxe3 31. Rbxe3 fxe3
32. Rxe3 Bc7 33. g3 a5 34. Kg2 Rd8 35. Re2 Rd4 36. b3 Kb7 37. a4 Bd6 38. Rf2
Re4 39. Bd5+ {Black resigns} 1-0

[Event "ICCopen2016"]
[Site "Internet Chess Club"]
[Date "2016.06.04"]
[Round "10"]
[White "Pawnchain"]
[Black "PolishRyszard"]
[Result "0-1"]
[ICCResult "White checkmated"]
[WhiteElo "1336"]
[BlackElo "1687"]
[Opening "Robatsch (modern) defense"]
[ECO "B06"]
[NIC "KF.05"]
[Time "15:46:41"]
[TimeControl "180+0"]

1. e4 g6 2. d4 Bg7 3. c3 d5 4. Nd2 dxe4 5. Nxe4 Nf6 6. Nxf6+ Bxf6 7. Bh6 Bf5
8. Nf3 Nc6 9. Bc4 Qd7 10. O-O O-O-O 11. Bxf7 e6 12. d5 Qxf7 13. dxc6 Rxd1
14. cxb7+ Kb8 15. Rfxd1 Rd8 16. Be3 Be4 17. Rxd8+ Bxd8 18. Nd4 Kxb7 19. f3
Bd5 20. b3 e5 21. Nb5 a6 22. Na3 Be7 23. Nc2 e4 24. c4 Bc6 25. fxe4 Bxe4 26.
Nd4 Bc5 27. Rf1 Qd7 28. Rd1 Bxd4 29. Bxd4 Qc6 30. Rd2 Kc8 31. Bf2 Qe6 32.
Bh4 Qf5 33. Rd8+ Kb7 34. Rd2 Bd3 35. Bf2 Qe4 36. Rxd3 Qxd3 37. g3 Qd1+ 38.
Kg2 Qe2 39. h3 Qxa2 40. b4 Qxc4 41. b5 Qxb5 42. g4 a5 43. h4 a4 44. g5 a3
45. h5 a2 46. hxg6 hxg6 47. Bg3 a1=Q 48. Be5 Qaxe5 49. Kf3 Qb3+ 50. Kg4 Qe4#
{White checkmated}
0-1

[Event "ICCopen2016"]
[Site "Internet Chess Club"]
[Date "2016.06.04"]
[Round "10"]
[White "EirikG"]
[Black "tangent"]
[Result "1-0"]
[ICCResult "Black resigns"]
[WhiteElo "2500"]
[BlackElo "1946"]
[Opening "Four knights: Gunsberg variation"]
[ECO "C47"]
[NIC "KP.06"]
[Time "15:46:31"]
[TimeControl "180+0"]

1. e4 e5 2. Nf3 Nc6 3. Nc3 Nf6 4. a3 a6 5. Bc4 Bc5 6. O-O O-O 7. d3 d6 8. h3
h6 9. b4 Ba7 10. Be3 Nd4 11. Bxd4 exd4 12. Ne2 b5 13. Bb3 c5 14. Ng3 Be6 15.
Qd2 Qd7 16. Nh2 c4 17. Ba2 Rac8 18. f4 Qc7 19. f5 Bd7 20. Qf4 Rfe8 21. Ng4
Nxg4 22. Qxg4 f6 23. Nh5 Re7 24. Nxf6+ Kh8 25. Nd5 Qd8 26. Nxe7 Qxe7 27. Qg6
Rf8 28. Rf3 Rf6 29. Qh5 d5 30. Re1 dxe4 31. Rxe4 Qd6 32. Rff4 Bc6 33. Qe2
Bxe4 34. Qxe4 Bb8 35. g3 Rf7 36. dxc4 Re7 37. Qd5 Re3 38. Qxd6 Bxd6 39. Rxd4
Rxg3+ 40. Kf2 Rxa3 41. Bb3 Bxb4 42. cxb5 Bc5 43. Ke3 axb5 44. Ke4 Bxd4 45.
Kxd4 Ra1 46. Kc5 Rh1 47. Kxb5 Rxh3 48. Be6 Rc3 49. Bb3 h5 50. Kb4 Rc7 51. c4
h4 52. c5 h3 53. Bd5 h2 54. c6 Kh7 55. Kc5 Kh6 56. Kd6 Rxc6+ 57. Bxc6 Kg5
58. Ke6 g6 59. f6 Kh4 60. f7 {Black resigns} 1-0

[Event "ICCopen2016"]
[Site "Internet Chess Club"]
[Date "2016.06.04"]
[Round "10"]
[White "Chapo2"]
[Black "gmgattass"]
[Result "0-1"]
[ICCResult "White checkmated"]
[WhiteElo "1972"]
[BlackElo "2270"]
[Opening "Sicilian: Canal-Sokolsky (Nimzovich-Rossolimo, Moscow) attack"]
[ECO "B51"]
[NIC "SI.01"]
[Time "15:46:19"]
[TimeControl "180+0"]

1. e4 c5 2. Nf3 d6 3. Bb5+ Nd7 4. Bxd7+ Bxd7 5. O-O e5 6. Re1 Nf6 7. h3 Be7
8. c3 Bc6 9. d3 O-O 10. Bg5 b5 11. Nbd2 a5 12. a3 a4 13. Qe2 Rb8 14. Bxf6
Bxf6 15. Rac1 Re8 16. Nh2 d5 17. Ng4 Bg5 18. Rcd1 d4 19. cxd4 exd4 20. Nf3
Be7 21. Rc1 f6 22. Nd2 Bd7 23. Nh2 Be6 24. Qd1 Rc8 25. f4 Bd6 26. f5 Bf7 27.
Nhf3 Bf4 28. Rc2 c4 29. dxc4 bxc4 30. Nf1 d3 31. Rc3 Qb6+ 32. Kh1 Qxb2 33.
Qa1 Qxa1 34. Rxa1 Rxe4 35. N1d2 Re2 36. Kg1 Bxd2 37. Nxd2 Rxd2 38. Rac1 Rb2
39. Rxd3 g6 40. fxg6 hxg6 41. Rf3 Kg7 42. Rcf1 Rc6 43. Rc3 Rb3 44. Rff3 Rxc3
45. Rxc3 Be6 46. Kf2 Bf5 47. Ke3 Bd3 48. Kd4 Rd6+ 49. Kc5 Re6 50. Kb4 Re2
51. g3 Rg2 52. h4 Rxg3 53. Kxa4 Rg4 54. Kb4 Rxh4 55. a4 Rh1 56. a5 Rb1+ 57.
Kc5 Ra1 58. Kb6 g5 59. a6 g4 60. a7 f5 61. Kb7 f4 62. Rc1 Rxa7+ 63. Kxa7 Kf6
64. Kb6 f3 65. Kc5 f2 66. Kd4 f1=Q 67. Rxf1+ Bxf1 68. Ke3 g3 69. Kf4 g2 70.
Kf3 g1=Q 71. Kf4 Qd4+ 72. Kf3 Bg2+ 73. Ke2 Qd3+ 74. Kf2 Qf3+ 75. Ke1 Qe3+
76. Kd1 Qf2 77. Kc1 c3 78. Kb1 Be4+ 79. Kc1 Qd2# {White checkmated} 0-1

[Event "ICCopen2016"]
[Site "Internet Chess Club"]
[Date "2016.06.04"]
[Round "10"]
[White "HEM"]
[Black "marjose"]
[Result "0-1"]
[ICCResult "White forfeits on time"]
[WhiteElo "1552"]
[BlackElo "1765"]
[Opening "Dutch: Staunton gambit"]
[ECO "A82"]
[NIC "HD.11"]
[Time "15:45:08"]
[TimeControl "180+0"]

1. d4 f5 2. e4 e6 3. exf5 exf5 4. Bd3 d5 5. g4 Qh4 6. Nc3 Nf6 7. Qe2+ Be7 8.
Bf4 Nc6 9. O-O-O Qxg4 10. Qxg4 fxg4 11. Bxc7 Kd7 12. Be5 Bd6 13. Bxf6 gxf6
14. Nxd5 Rf8 15. Re1 Nxd4 16. c3 Nc6 17. h3 Ne5 18. Bc2 h5 19. hxg4 hxg4 20.
Rh7+ Kc6 21. Be4 f5 22. Bg2 Kc5 23. b4+ Kc4 24. Rd1 Be6 25. Bf1+ Nd3+ 26.
Bxd3+ Kxd5 27. Bxf5+ Ke5 28. Bxe6 Kxe6 29. Rh6+ Ke5 30. Rhxd6 Rxf2 31. R6d5+
Kf4 32. Ne2+ Kf3 33. Rf1 Rxf1+ 34. Kd2 Rf2 35. Rd3+ Kg2 36. Ke3 Rxe2+ 37.
Kxe2 Re8+ 38. Kd2 Re2+ 39. Kxe2 g3 40. Rd2 Kh2 41. Kd3+ g2 42. Kc4 Kh1 43.
Kb3 g1=Q 44. c4 Qe3+ {White forfeits on time} 0-1

[Event "ICCopen2016"]
[Site "Internet Chess Club"]
[Date "2016.06.04"]
[Round "10"]
[White "Kjaan1974"]
[Black "Mandragora"]
[Result "1-0"]
[ICCResult "Black resigns"]
[WhiteElo "1431"]
[BlackElo "1544"]
[Opening "King's pawn game"]
[ECO "C44"]
[NIC "KP.10"]
[Time "15:46:30"]
[TimeControl "180+0"]

1. e4 e5 2. Nf3 Nc6 3. h3 Nf6 4. d3 d5 5. Bg5 dxe4 6. Bxf6 Qxf6 7. dxe4 Bc5
8. Bb5 Bd7 9. Nc3 a6 10. Nd5 Qd8 11. Bxc6 bxc6 12. Nc3 f6 13. Qe2 Qe7 14.
O-O O-O 15. a3 Rfd8 16. b4 Bb6 17. Na4 Be6 18. c4 Bd4 19. Nxd4 Rxd4 20. Rac1
Rad8 21. Nc5 Rd2 22. Qf3 Bc8 23. Rfd1 Rxd1+ 24. Rxd1 Rxd1+ 25. Qxd1 Kf7 26.
Qa4 Qd6 27. Nxa6 Bxa6 28. Qxa6 Qd1+ 29. Kh2 Qe2 30. Qxc6 Qxf2 31. Qxc7+ Kg6
32. Qb7 Qf4+ 33. Kg1 Qe3+ 34. Kf1 Qxa3 35. c5 Qd3+ 36. Ke1 Qc3+ 37. Kd1 Qd3+
38. Kc1 Qc3+ 39. Kb1 Qb3+ 40. Ka1 Qa3+ 41. Kb1 Qb3+ 42. Kc1 Qc3+ 43. Kd1
Qd4+ 44. Kc2 Qf2+ 45. Kb3 Qe3+ 46. Ka4 Qd4 47. Qd5 Qa1+ 48. Kb5 Qa7 49. c6
Qb8+ 50. Kc4 Qc7 51. b5 Qb6 52. Qc5 Qc7 53. b6 Qf7+ 54. Qd5 {Black resigns}
1-0

[Event "ICCopen2016"]
[Site "Internet Chess Club"]
[Date "2016.06.04"]
[Round "10"]
[White "pulpocybort"]
[Black "minke"]
[Result "1/2-1/2"]
[ICCResult "Game drawn by repetition"]
[WhiteElo "1670"]
[BlackElo "1791"]
[Opening "Pirc: Byrne variation"]
[ECO "B07"]
[NIC "PU.09"]
[Time "15:46:34"]
[TimeControl "180+0"]

1. e4 d6 2. d4 Nf6 3. Nc3 g6 4. Bg5 Bg7 5. Qd2 h6 6. Bh4 g5 7. Bg3 Nh5 8.
O-O-O Nc6 9. Nge2 Nxg3 10. hxg3 e5 11. d5 Nd4 12. Nxd4 exd4 13. Ne2 Qf6 14.
Nxd4 Bd7 15. f4 O-O-O 16. f5 c5 17. dxc6 Bxc6 18. Qc3 Kb8 19. Nxc6+ bxc6 20.
Qb3+ Kc7 21. c3 Rb8 22. Qa3 Rb7 23. Bc4 Rhb8 24. Bb3 Qe5 25. Rhe1 Qxg3 26.
Qa5+ Kc8 27. Qa6 Kc7 28. Qc4 Qf4+ 29. Kb1 Kc8 30. Qxc6+ Rc7 31. Qa6+ Kd7 32.
Qa4+ Ke7 33. Ka1 Qg3 34. Qa6 Bxc3 35. bxc3 Qxc3+ 36. Kb1 Qc2+ 37. Ka1 Qc3+
38. Kb1 Rxb3+ 39. axb3 Qxb3+ 40. Ka1 Qc3+ 41. Kb1 Qc2+ 42. Ka1 Qc3+ 43. Ka2
Qc2+ 44. Ka1 Qc3+ 45. Kb1 Qc2+ 46. Ka1 Qc3+ 47. Ka2 Qc2+ 48. Ka1 Qc3+ 49.
Kb1 Qc2+ 50. Ka1 Qc3+ 51. Ka2 {Game drawn by repetition} 1/2-1/2

[Event "ICCopen2016"]
[Site "Internet Chess Club"]
[Date "2016.06.04"]
[Round "10"]
[White "Danya"]
[Black "shredded"]
[Result "1-0"]
[ICCResult "Black forfeits on time"]
[WhiteElo "3034"]
[BlackElo "2814"]
[Opening "QGA: 3.e4"]
[ECO "D20"]
[NIC "QG.04"]
[Time "15:46:18"]
[TimeControl "180+0"]

1. d4 d5 2. c4 dxc4 3. e4 Nc6 4. d5 Ne5 5. Bf4 Ng6 6. Be3 Nf6 7. Bxc4 e5 8.
Nd2 a6 9. h3 Bd6 10. Ngf3 O-O 11. O-O Bd7 12. Rc1 h6 13. Bd3 Qe7 14. Nc4
Rfc8 15. Qb3 b5 16. Na5 Nh5 17. Rfe1 Qf6 18. Nh2 Nhf4 19. Bf1 h5 20. Qd1 Qg5
21. Kh1 f5 22. g3 fxe4 23. gxf4 exf4 24. Bd4 Re8 25. f3 e3 26. Bd3 Ne5 27.
Rg1 Qh4 28. Be4 Bxh3 29. Qe1 Qf6 30. Nc6 Bd7 31. Nxe5 Bxe5 32. Rxc7 Bxd4 33.
Rxd7 Ra7 34. Rxa7 Bxa7 35. Qc3 Bd4 36. Qc6 Qxc6 37. dxc6 Bxb2 38. Bf5 Re7
39. Bd7 Be5 40. Kg2 Bc7 41. Re1 e2 42. Bf5 Ba5 43. c7 Bxc7 44. Be4 g5 45.
Rxe2 Kg7 46. Rc2 Be5 47. Rc6 a5 48. Nf1 a4 49. Rb6 Bf6 50. Rxb5 g4 51. Nd2
g3 52. Rxh5 Rc7 53. Rh7+ Kf8 54. Rxc7 Be7 55. Nc4 a3 56. Ne5
{Black forfeits on time}
1-0

[Event "ICCopen2016"]
[Site "Internet Chess Club"]
[Date "2016.06.04"]
[Round "10"]
[White "GolfPro"]
[Black "ivancele"]
[Result "1-0"]
[ICCResult "Black forfeits on time"]
[WhiteElo "1805"]
[BlackElo "1538"]
[Opening "Old Indian defense"]
[ECO "A42"]
[NIC "OI.07"]
[Time "15:46:15"]
[TimeControl "180+0"]

1. d4 d6 2. c4 f5 3. Nc3 Nf6 4. Nf3 g6 5. Qc2 Bg7 6. e4 fxe4 7. Nxe4 c6 8.
Nxf6+ Bxf6 9. Bh6 Qc7 10. Bd3 Be6 11. O-O-O Nd7 12. h3 O-O-O 13. Rhe1 Bf7
14. Bg5 Rhe8 15. h4 Qb6 16. Be4 c5 17. d5 Kb8 18. Re2 Ne5 19. Nxe5 Bxe5 20.
f4 Bg7 21. f5 gxf5 22. Bxf5 h6 23. Bxe7 Rc8 24. Bxc8 Rxc8 25. g4 Re8 26.
Rde1 a6 27. Bxd6+ Qxd6 28. Rxe8+ Bxe8 29. Rxe8+ Ka7 30. Re4 Qg3 31. Qe2 Bd4
32. d6 Qg1+ 33. Kc2 Qg3 34. d7 Qxh4 35. g5 {Black forfeits on time} 1-0

[Event "ICCopen2016"]
[Site "Internet Chess Club"]
[Date "2016.06.04"]
[Round "10"]
[White "Panesso"]
[Black "Desideratum"]
[Result "1-0"]
[ICCResult "Black resigns"]
[WhiteElo "2294"]
[BlackElo "1691"]
[Opening "Scandinavian defense"]
[ECO "B01"]
[NIC "SD.03"]
[Time "15:46:20"]
[TimeControl "180+0"]

1. e4 d5 2. exd5 Nf6 3. Bb5+ Bd7 4. Be2 Bf5 5. d4 Nxd5 6. Nf3 e6 7. O-O Nb4
8. Na3 N8c6 9. c3 Nd5 10. Nc2 Be7 11. Ne3 Nxe3 12. Bxe3 Bg6 13. Bb5 Qd7 14.
Ne5 Qd6 15. Bf4 Qd5 16. c4 Qe4 17. Nxc6 bxc6 18. f3 Qxf4 19. Bxc6+ Kd8 20.
Bxa8 Kd7 21. Qa4+ Kd8 22. Qxa7 Qe3+ 23. Kh1 Bf6 24. Bc6 Bxd4 25. Qb8+ Ke7
26. Qxh8 Kd6 27. Qe8 Kc5 28. b4+ Kxb4 29. Qf8+ Kxc4 30. Rac1+ Kd3 31. Qa3+
Ke2 32. Rfe1+ Kf2 33. Rxe3 Bxe3 34. Qb2+ {Black resigns} 1-0

[Event "ICCopen2016"]
[Site "Internet Chess Club"]
[Date "2016.06.04"]
[Round "10"]
[White "Westbank"]
[Black "airantrobo"]
[Result "1-0"]
[ICCResult "Black resigns"]
[WhiteElo "2151"]
[BlackElo "1622"]
[Opening "Queen's pawn: London system"]
[ECO "A45"]
[NIC "QP.07"]
[Time "15:46:15"]
[TimeControl "180+0"]

1. d4 Nf6 2. Bf4 e6 3. e3 c5 4. Nc3 Qb6 5. Nf3 Qxb2 6. Nb5 Na6 7. Rb1 Qxa2
8. Ra1 Qb2 9. Rxa6 bxa6 10. Nc7+ Kd8 11. Nxa8 Qc3+ 12. Qd2 Qa1+ 13. Qd1 Qc3+
14. Nd2 cxd4 15. exd4 Ne4 16. Bd3 Nxd2 17. Bxd2 Qxd4 18. O-O Bb7 19. Be3 Qd5
20. f3 Bxa8 21. Bxa7 Qb7 22. Bd4 f6 23. Qa1 Be7 24. Bxa6 Qd5 25. c4 Qg5 26.
Bb5 Bb7 27. Qa5+ Ke8 28. Qc7 Bc6 29. Bxc6 dxc6 30. Qxc6+ Kf7 31. Re1 Qf5 32.
g4 Qd3 33. Qxe6+ Kg6 34. Qe4+ Qxe4 35. Rxe4 Bb4 36. h4 h5 37. Be3 hxg4 38.
Rxg4+ Kf7 39. Kg2 Ra8 40. h5 Ra2+ 41. Kh3 Bd6 42. Bf4 Bxf4 43. Rxf4 Rc2 44.
Rd4 Rc3 45. Kg4 Ke6 46. Re4+ Kf7 47. Rd4 Ke6 48. h6 gxh6 49. f4 f5+ 50. Kh4
Rg3 51. Kxg3 h5 52. Kh4 Kf6 53. Kxh5 Ke6 54. Kg5 {Black resigns} 1-0

[Event "ICCopen2016"]
[Site "Internet Chess Club"]
[Date "2016.06.04"]
[Round "10"]
[White "BlackHorse96"]
[Black "OparinGrigoriy"]
[Result "1-0"]
[ICCResult "Black checkmated"]
[WhiteElo "3150"]
[BlackElo "2818"]
[Opening "Queen's pawn game"]
[ECO "D00"]
[NIC "QP.07"]
[Time "15:46:00"]
[TimeControl "180+0"]

1. d4 Nf6 2. Nc3 d5 3. Bf4 Bf5 4. f3 e6 5. g4 Bg6 6. h4 h6 7. e3 Bd6 8. Nh3
a6 9. Bd3 Bxd3 10. Qxd3 c5 11. O-O-O Nc6 12. g5 Nh5 13. g6 f5 14. dxc5 Bxc5
15. e4 fxe4 16. fxe4 O-O 17. exd5 Nxf4 18. Nxf4 Rxf4 19. dxc6 Qxd3 20. Rxd3
bxc6 21. h5 e5 22. Re1 Rf5 23. Ne4 Bb6 24. Rd7 Rxh5 25. Rb7 Bd8 26. Rd1 Bg5+
27. Kb1 Rh4 28. Ng3 Rg4 29. Nh5 Bf6 30. a4 Rxg6 31. Rd6 Re8 32. Rxc6 e4 33.
Rxg7+ Rxg7 34. Nxf6+ Kf7 35. Nxe8 Kxe8 36. Rxh6 Re7 37. Kc1 e3 38. Kd1 e2+
39. Ke1 Rb7 40. b3 Rc7 41. Re6+ Kd7 42. Rxe2 Kd6 43. Kd2 Kc5 44. Re4 a5 45.
Rc4+ Kb6 46. Rxc7 Kxc7 47. c3 Kd6 48. b4 Kc6 49. bxa5 Kc5 50. Kc2 Kc6 51.
Kb3 Kc5 52. c4 Kc6 53. Kb4 Kb7 54. Kb5 Ka7 55. c5 Kb7 56. c6+ Kc7 57. a6 Kb8
58. Kb6 Ka8 59. a5 Kb8 60. c7+ Ka8 61. c8=Q# {Black checkmated} 1-0

[Event "ICCopen2016"]
[Site "Internet Chess Club"]
[Date "2016.06.04"]
[Round "10"]
[White "BitsofKoin"]
[Black "Astaneh"]
[Result "0-1"]
[ICCResult "White forfeits on time"]
[WhiteElo "2346"]
[BlackElo "2729"]
[Opening "King's Indian: East Indian defense"]
[ECO "A48"]
[NIC "QP.06"]
[Time "15:46:09"]
[TimeControl "180+0"]

1. d4 Nf6 2. Nf3 g6 3. e3 Bg7 4. Be2 O-O 5. O-O d6 6. b3 c5 7. Bb2 b6 8. c4
Bb7 9. Nc3 e6 10. Qc2 a6 11. Rad1 Qc7 12. Rfe1 Rd8 13. Na4 Nbd7 14. h3 Be4
15. Qc1 Qb7 16. Qa1 Ne8 17. dxc5 dxc5 18. Bxg7 Nxg7 19. Rd6 Ne8 20. Rd2 Bc6
21. Red1 Bxa4 22. bxa4 Qc7 23. h4 Ndf6 24. Ne5 Rxd2 25. Rxd2 h5 26. f4 Rd8
27. Qd1 Rxd2 28. Qxd2 Qd6 29. Qb2 Ne4 30. Bf3 N8f6 31. Qc2 Qd2 32. Bxe4
Qxe3+ 33. Kh1 Qe1+ 34. Kh2 Qxh4+ 35. Kg1 Qe1+ 36. Kh2 Nxe4 37. Nd3 Qg3+ 38.
Kg1 Qe3+ 39. Kh2 Nd2 40. g3 h4 41. gxh4 Nf3+ 42. Kg2 Qxd3 43. Qb2 Qd2+ 44.
Qxd2 Nxd2 45. Kf2 Nxc4 46. a5 Nxa5 47. Kf3 Nc6 48. Ke4 Nb4 49. a3 Nd5 50. a4
Nc3+ 51. Ke5 Nxa4 52. Kf6 b5 53. h5 gxh5 54. f5 exf5 55. Kxf5 h4 56. Kg5 c4
57. Kxh4 c3 58. Kg3 c2 {White forfeits on time} 0-1

[Event "ICCopen2016"]
[Site "Internet Chess Club"]
[Date "2016.06.04"]
[Round "10"]
[White "blackending"]
[Black "PITCHUS"]
[Result "0-1"]
[ICCResult "White checkmated"]
[WhiteElo "1681"]
[BlackElo "1867"]
[Opening "Caro-Kann: Tartakower (Nimzovich) variation"]
[ECO "B15"]
[NIC "CK.06"]
[Time "15:46:13"]
[TimeControl "180+0"]

1. e4 c6 2. d4 d5 3. Nd2 dxe4 4. Nxe4 Nf6 5. Nxf6+ exf6 6. Nf3 Bd6 7. Be2
O-O 8. O-O Bg4 9. h3 Bh5 10. Be3 Bc7 11. c4 Re8 12. d5 Bxf3 13. Bxf3 Qd6 14.
g3 Rxe3 15. fxe3 Qxg3+ 16. Bg2 Qxe3+ 17. Rf2 Bg3 18. Qf1 cxd5 19. cxd5 Nd7
20. Re1 Qxf2+ 21. Qxf2 Bxf2+ 22. Kxf2 Kf8 23. d6 Rb8 24. Re7 Nc5 25. Rc7 Ne6
26. Rxb7 Rxb7 27. Bxb7 Ke8 28. Bc6+ Kd8 29. Be8 Nc5 30. Bxf7 Ne4+ 31. Ke3
Nxd6 32. Bg8 h6 33. Kd4 Kd7 34. Kd5 Nb5 35. b4 Nc7+ 36. Kc5 f5 37. a4 f4 38.
Bc4 g5 39. b5 h5 40. Be2 Ne6+ 41. Kd5 Ng7 42. a5 Kc7 43. Ke5 Ne8 44. Ke6 Nd6
45. Kf6 g4 46. h4 f3 47. Bf1 g3 48. Kg5 g2 49. Bxg2 fxg2 50. Kxh5 g1=Q 51.
Kh6 Nf5+ 52. Kh5 Ng7+ 53. Kh6 Ne6 54. b6+ axb6 55. a6 Kb8 56. Kh7 Qg7#
{White checkmated}
0-1

[Event "ICCopen2016"]
[Site "Internet Chess Club"]
[Date "2016.06.04"]
[Round "10"]
[White "Tal-Baron"]
[Black "jc-arias"]
[Result "1-0"]
[ICCResult "Black resigns"]
[WhiteElo "2706"]
[BlackElo "2148"]
[Opening "French: Steinitz, Boleslavsky variation"]
[ECO "C11"]
[NIC "FR.04"]
[Time "15:46:06"]
[TimeControl "180+0"]

1. d4 e6 2. e4 d5 3. Nc3 Nf6 4. e5 Nfd7 5. f4 c5 6. Nf3 Nc6 7. Be3 cxd4 8.
Nxd4 Bc5 9. Qd2 Nxd4 10. Bxd4 Bxd4 11. Qxd4 Qb6 12. O-O-O Qxd4 13. Rxd4 a6
14. Rd3 Ke7 15. Ne2 Nc5 16. Rg3 g6 17. Nd4 Bd7 18. Bd3 Rac8 19. Kd2 Rcg8 20.
c3 h6 21. Rf1 Rc8 22. Bc2 Ba4 23. Bb1 Bd7 24. h3 Ba4 25. Rgf3 Bd7 26. g3 h5
27. R3f2 Rcg8 28. Re1 g5 29. f5 h4 30. g4 Rf8 31. b4 Na4 32. Bd3 Rh6 33. Kc2
Rc8 34. Ne2 Bb5 35. Rf3 exf5 36. gxf5 Rhc6 37. Bxb5 axb5 38. Kb3 d4 39. Rc1
dxc3 40. Rc2 Rc4 41. a3 Re4 42. Nxc3 Rec4 43. Nd5+ Kf8 44. Rxc4 Rxc4 45. e6
g4 46. hxg4 Rxg4 47. e7+ Ke8 48. f6 Re4 49. Rf4 Re6 50. Nc7+ Kd7 51. Nxe6
fxe6 52. f7 Nc5+ 53. bxc5 h3 54. e8=Q+ {Black resigns} 1-0